AoeStats
← CMCHJK

African Clearing

510471602Analyzed
4v4 RM · 2d ago on Oct 1, 2026· 65m 4s· 8 players
Game mode
Random Map
Map size
Large (8 player)
Population
200
Speed
Normal
Resources
Standard
Victory
Conquest
Starting age
Dark Age
Ending age
Imperial Age
RankedLock teamsTeams togetherTeam positionsShared explorationLock speedFull tech treeHidden civsTurbo modeCheats
Victory
Defeat
🇺🇸 Britons · United States
1358
+16
🇺🇸 Varangians · United States
1328
+17
🇲🇽 Malay · Mexico
1303
+18
🇺🇸 Magyars · United States
1273
+19
🇨🇱 Spanish · Chile
1389
-19
🇨🇳 Mongols · China
1362
-18
🇮🇹 Varangians · Italy
1359
-18
🇨🇳 Maya · China
1285
-15
CMCHJK
12:34 Feudal Age
12:45 Loom
18:03 Castle Age
19:07 Scale Barding Armor
21:00 Double-Bit Axe
20:56 Horse Collar
31:28 Bloodlines
33:01 Wheelbarrow
34:41 Forging
34:33 Husbandry
37:05 Husbandry
37:27 Chain Barding Armor
39:15 Iron Casting
40:58 Bow Saw
40:50 Heavy Plow
40:43 Gold Mining
40:44 Stone Mining
41:52 Hand Cart
42:15 Stone Shaft Mining
45:43 Imperial Age
44:47 Light Cavalry
45:56 Hussar
47:17 Plate Barding Armor
47:42 Blast Furnace
51:15 Two-Man Saw
50:29 Elite Jarl
54:43 Conscription
57:28 Crop Rotation
57:43 Fletching
60:35 Bodkin Arrow
SirTaters
3:49 Loom
13:54 Feudal Age
18:16 Castle Age
16:32 Double-Bit Axe
17:54 Gold Mining
19:07 Bloodlines
21:48 Husbandry
23:55 Scale Barding Armor
27:35 Chain Barding Armor
27:04 Town Watch
27:14 Horse Collar
28:32 Fletching
30:08 Wheelbarrow
33:51 Heavy Plow
35:36 Stone Mining
39:20 Hand Cart
44:40 Imperial Age
42:28 Light Cavalry
43:27 Bow Saw
45:43 Gold Shaft Mining
44:40 Cavalier
47:32 Plate Barding Armor
47:42 Devotion
50:23 Paladin
52:17 Crop Rotation
52:09 Ballistics
53:29 Conscription
54:36 Chemistry
58:00 Caravan
60:23 Bodkin Arrow
62:14 Murder Holes
62:29 Masonry
62:05 Treadmill Crane
62:36 Masonry
62:21 Murder Holes
62:33 Town Patrol
62:56 Hussar
64:37 Corvinian Army
65:16 Hoardings
LiquidSteel71
3:45 Loom
12:28 Feudal Age
13:24 Double-Bit Axe
15:11 Wheelbarrow
16:32 Fletching
17:10 Gold Mining
17:51 Horse Collar
24:40 Castle Age
24:03 Padded Archer Armor
24:45 Crossbowman
25:49 Bodkin Arrow
27:47 Hand Cart
27:18 Town Watch
30:49 Ballistics
31:50 Town Patrol
32:32 Bow Saw
35:12 Husbandry
39:05 Imperial Age
39:12 Cranequins
39:23 Heavy Mounted Crossbowman
40:22 Bracer
40:50 Leather Archer Armor
41:43 Yeomen
41:43 Conscription
45:02 Chemistry
53:51 Ring Archer Armor
55:03 Hoardings
65:51 Two-Man Saw
Bjorn Ironside
7:55 Loom
16:16 Feudal Age
17:26 Stone Mining
20:48 Fletching
33:22 Double-Bit Axe
34:32 Horse Collar
36:50 Wheelbarrow
40:13 Castle Age
38:38 Gold Mining
40:01 Bow Saw
40:08 Bodkin Arrow
40:17 Heavy Plow
45:51 Stone Shaft Mining
45:22 Town Watch
45:54 Hand Cart
59:01 Imperial Age
56:23 Pikeman
57:03 Squires
56:48 Arson
57:59 Ballistics
58:02 Padded Archer Armor
57:35 Man-at-Arms
58:27 Forging
59:48 Chemistry
59:24 Crop Rotation
59:01 Forced Levy
59:29 Conscription
59:09 Long Swordsman
60:41 Siege Engineers
59:59 Two-Handed Swordsman
60:00 Halberdier
60:13 Elite Skirmisher
62:06 Iron Casting
61:47 Leather Archer Armor
61:36 Bracer
62:27 Gold Shaft Mining
62:27 Leather Archer Armor
62:17 Scale Barding Armor
62:19 Thumb Ring
63:26 Guilds
63:18 Caravan
64:20 Ring Archer Armor
64:01 Murder Holes
64:16 Masonry
65:35 Blast Furnace
GdR_Charizard
9:54 Loom
11:51 Feudal Age
13:47 Double-Bit Axe
16:19 Bloodlines
17:00 Scale Barding Armor
20:29 Horse Collar
21:25 Forging
24:35 Castle Age
26:14 Bow Saw
27:12 Wheelbarrow
26:07 Light Cavalry
26:52 Husbandry
27:43 Chain Barding Armor
34:48 Heavy Plow
36:42 Hand Cart
37:14 Iron Casting
40:31 Imperial Age
39:16 Gold Mining
40:57 Cavalier
43:16 Two-Man Saw
42:29 Fletching
44:15 Crop Rotation
44:22 Plate Barding Armor
44:48 Blast Furnace
44:23 Bodkin Arrow
44:14 Capped Ram
49:32 Conscription
49:43 Vendel Legacy
53:08 Town Watch
59:08 Hussar
PNAL | Lipe
6:35 Loom
17:05 Feudal Age
22:40 Castle Age
23:02 Fletching
35:20 Gold Mining
35:13 Horse Collar
35:25 Double-Bit Axe
39:47 Bow Saw
41:12 Sanctity
41:05 Fervor
47:37 Redemption
49:17 Husbandry
49:27 Bloodlines
50:30 Stone Mining
50:30 Gold Mining
51:22 Heavy Plow
54:01 Wheelbarrow
56:40 Imperial Age
57:06 Wheelbarrow
56:16 Town Watch
57:09 Gold Mining
57:02 Pikeman
57:42 Squires
58:59 Block Printing
59:07 Scale Mail Armor
59:02 Bodkin Arrow
59:49 Conscription
58:59 Halberdier
62:46 Hand Cart
64:03 Two-Man Saw
64:45 Town Patrol
战歌
5:09 Loom
12:05 Feudal Age
17:31 Castle Age
16:09 Double-Bit Axe
22:08 Bow Saw
23:30 Wheelbarrow
23:03 Fletching
25:51 Bodkin Arrow
29:16 Ballistics
33:33 Gold Mining
34:31 Padded Archer Armor
36:09 Gold Shaft Mining
35:58 Stone Mining
36:56 Leather Archer Armor
41:22 Imperial Age
39:29 Horse Collar
41:10 Hand Cart
43:21 Chemistry
43:13 Stone Shaft Mining
42:41 Bracer
43:55 Siege Engineers
45:04 Elite Mangudai
46:57 Conscription
46:59 Nomads
46:40 Elite Mangudai
47:58 Parthian Tactics
48:18 Thumb Ring
49:11 Masonry
48:53 Capped Ram
49:47 Heavy Cavalry Archer
53:31 Bloodlines
53:21 Husbandry
53:14 Heavy Camel Rider
燕帖木儿
11:33 Loom
11:42 Loom
14:27 Feudal Age
18:34 Castle Age
16:51 Double-Bit Axe
19:53 Fletching
20:03 Padded Archer Armor
23:39 Bodkin Arrow
26:30 Padded Archer Armor
30:08 Leather Archer Armor
34:08 Ballistics
46:32 Bow Saw
47:56 Horse Collar
48:07 Gold Mining
52:54 Wheelbarrow
55:50 Imperial Age
53:05 Treadmill Crane
55:12 Thumb Ring
56:13 Elite Plumed Archer
56:31 Eagle Warrior
57:12 Squires
56:57 Arson
57:15 Bracer
57:46 Ring Archer Armor
58:19 Chemistry
58:20 Conscription
58:12 Heavy Plow
59:12 Two-Man Saw
58:01 Town Watch
58:49 Capped Ram
62:56 Squires
62:28 Siege Ram
Connection lost

Rejoining the realm…

Still unreachable

The connection could not be restored.

Session expired

The server has moved on; the page needs a fresh start.